 Dungeon Crawl Stone Soup version 0.30.1-11-g7821555f0a (webtiles) character file.

Game seed: 6901651800055946411

6685 PaiMei the Merchant of Misery (level 10, -12/69 (77) HPs)
             Began as a Demonspawn Necromancer on Jan 10, 2024.
             Was a Believer of Kikubaaqudgha.
             Mangled by a two-headed ogre
             ... wielding a +0 giant club
              (30 damage)
             ... on level 10 of the Dungeon.
             The game lasted 00:20:08 (14948 turns).

PaiMei the Merchant of Misery (DsNe)               Turns: 14948, Time: 00:20:09

HP:   -12/69 (77)   AC:  8    Str: 10    XL:     10   Next: 73%
MP:   7/21          EV: 23    Int: 21    God:    Kikubaaqudgha [**....]
Gold: 761           SH:  0    Dex: 24    Spells: 8/23 levels left

rFire   + . .        E - +11 morningstar "Vozxergh" {freeze, Str+2 Dex+4}
rCold   . . .        (no shield)
rNeg    . . .        a - +1 robe {rF+}
rPois   .            (helmet restricted)
rElec   .            V - +0 cloak
rCorr   .            (no gloves)
SInv    .            k - +0 pair of boots
Will    .....        (no amulet)
Stlth   +++          m - +6 ring of dexterity
HPRegen 0.31/turn    o - +5 ring of evasion
MPRegen 0.34/turn

%: no passive effects
@: lethally poisoned (-12 -> -52), heavily drained
A: horns 1, slimy green scales 2, powered by death 1, magic regeneration
a: Renounce Religion, Unearth Wretches


You were on level 10 of the Dungeon.
You worshipped Kikubaaqudgha.
Kikubaaqudgha was pleased with you.
You visited 2 branches of the dungeon, and saw 11 of its levels.
You also visited: Bailey.

You collected 761 gold pieces.

Inventory:

Hand Weapons
 E - the +11 morningstar "Vozxergh" (weapon) {freeze, Str+2 Dex+4}
   (You took it off an orc on level 6 of the Dungeon)

   Str:       It affects your strength (+2).
   Dex:       It affects your dexterity (+4).
Missiles
 H - a throwing net
 I - 43 poisoned darts
 K - 4 datura-tipped darts (quivered)
 P - a curare-tipped dart
Armour
 a - a +1 robe of fire resistance (worn)
 b - a +0 hat
 k - a +0 pair of boots (worn)
 v - a +0 buckler
 y - a +1 ring mail of poison resistance
 R - a +3 ring mail
 V - a +0 cloak (worn)
Jewellery
 m - a +6 ring of dexterity (left hand)
 o - a +5 ring of evasion (right hand)
 p - a ring of positive energy
 O - a ring of protection from cold
 U - an amulet of faith
Wands
 C - a wand of roots (4)
 G - a wand of flame (27)
 S - a wand of polymorph (8)
 T - a wand of mindburst (2)
Scrolls
 d - a scroll of blinking {unknown}
 g - 2 scrolls of fog
 i - 6 scrolls of enchant armour
 t - a scroll of poison {unknown}
 x - 2 scrolls of teleportation
 A - 6 scrolls of enchant weapon
 B - 2 scrolls of summoning
 D - a scroll of immolation {unknown}
 J - 2 scrolls of magic mapping
 L - a scroll of noise {unknown}
 M - 2 scrolls of vulnerability {unknown}
Potions
 c - 10 potions of curing
 e - a potion of magic
 f - 2 potions of lignification {unknown}
 h - a potion of degeneration {unknown}
 j - a potion of brilliance {unknown}
 l - 5 potions of resistance
 n - 5 potions of invisibility {unknown}
 q - 2 potions of ambrosia {unknown}
 r - 3 potions of flight
 u - 6 potions of mutation
 w - 4 potions of might
 z - 4 potions of haste
 F - a potion of attraction {unknown}
 N - 2 potions of heal wounds {unknown}
Miscellaneous
 s - a lightning rod (4/4)
 Q - a tin of tremorstones (2/2)


   Skills:
 + Level 6.5 Fighting
 + Level 5.1 Maces & Flails
 + Level 7.2 Dodging
 - Level 4.2 Stealth
 + Level 7.3 Spellcasting
 + Level 9.6 Necromancy


You had 8 spell levels left.
You knew the following spells:

 Your Spells              Type           Power      Damage    Failure   Level
a - Necrotise             Necr           100%       1d9       1%          1
b - Vampiric Draining     Necr           48%        2d9       1%          3
c - Animate Dead          Necr           48%        N/A       1%          4
d - Cigotuvi's Dreadful   Necr/Pois/Air  42%        N/A       3%          2
e - Agony                 Necr           48%        N/A       4%          5

Your spell library contained the following spells:

 Spells                   Type           Power      Damage    Failure   Level
 Kiss of Death            Conj/Necr      100%       2d13      1%          1
 Summon Small Mammal      Summ           28%        N/A       9%          1
 Call Canine Familiar     Summ           7%         N/A       26%         3
 Dazzling Flash           Conj/Hex       14%        N/A       26%         3
 Inner Flame              Hex/Fire       7%         N/A       26%         3
 Summon Guardian Golem    Hex/Summ       7%         N/A       26%         3
 Volatile Blastmotes      Fire/Tloc      14%        2d11      26%         3
 Flame Wave               Conj/Fire      7%         2d5       63%         4
 Iskenderun's Mystic Bla  Conj/Tloc      7%         2d4       63%         4
 Sticky Flame             Conj/Fire      7%         2d3       63%         4
 Silence                  Hex/Air        3%         N/A       93%         5
 Starburst                Conj/Fire      3%         6d3       100%        6


Dungeon Overview and Level Annotations

Branches:
Dungeon (10/15)            Temple (1/1) D:7             Orc (0/2) D:9
 Bailey (visited)
   Lair: D:8-11

Altars:
Ashenzari
Cheibriados
Dithmenos
Fedhas
Gozag
Hepliaklqana
Kikubaaqudgha
Makhleb
Nemelex Xobeh
Okawaru
Qazlal
Ru
Sif Muna
Trog
Uskayaw
Vehumet
Wu Jian
Xom
Yredelemnul

Annotations:
D:3 1 runed translucent door, Crazy Yiuf
D:5 Menkaure


Innate Abilities, Weirdness & Mutations

You have a pair of small horns on your head.
You are mostly covered in slimy green scales. (AC +3)
You regenerate a little health from kills.
You regenerate magic rapidly.


Message History

There is a stone staircase leading up here.
Casting: Necrotise (safe; 1% risk of failure)
Confirm with . or Enter, or press ? or * to list all spells.
A part of your flesh rots into a cloud of miasma!
You feel drained. The two-headed ogre misses you. x2
Throw: 4 darts (datura)
Press: ? - help, Q - select action, (/) - cycle Shift-Dir - straight line, f - two-headed ogre
Aim: a two-headed ogre, wielding two +0 giant clubs (79% to hit, chance to frenzy on hit: 3%)
Okay, then.
Casting: Cigotuvi's Dreadful Rot (safe; 3% risk of failure)
Confirm with . or Enter, or press ? or * to list all spells.
Aiming: Agony (dangerous; 4% risk of failure)
Press: ? - help, Shift-Dir - straight line, f - two-headed ogre
Aim: a two-headed ogre, wielding two +0 giant clubs (chance to affect: 93%)
The two-headed ogre convulses!
You are engulfed in dark miasma.
You are poisoned.
You feel very sick.
Casting: Agony (dangerous; 4% risk of failure)
Confirm with . or Enter, or press ? or * to list all spells.
Aiming: Agony (dangerous; 4% risk of failure)
Press: ? - help, Shift-Dir - straight line, f/p - two-headed ogre
Aim: a two-headed ogre, wielding two +0 giant clubs (heavily wounded, chance to affect: 93%)
The two-headed ogre convulses!
You are engulfed in dark miasma.
You are more poisoned.
You feel extremely sick.
The two-headed ogre completely misses you.
The two-headed ogre hits you with a +0 giant club!!
Casting: Agony (dangerous; 4% risk of failure)
Confirm with . or Enter, or press ? or * to list all spells.
Aiming: Vampiric Draining (safe; 1% risk of failure)
Press: ? - help, Shift-Dir - straight line, f/p - two-headed ogre
Aim: a two-headed ogre, wielding two +0 giant clubs (severely wounded)
You draw life force from the two-headed ogre!
You feel life coursing into your body.
You are engulfed in dark miasma.
You are lethally poisoned!
* * * LOW HITPOINT WARNING * * *
You feel extremely sick. The two-headed ogre misses you.
The two-headed ogre hits you with a +0 giant club!!
You die...
Kikubaaqudgha rasps: "You have failed me!
Welcome... death!"

##### ############ #...#
#..@........ #.#.# #..O........
#O#.# #........... #.#.#
#.......#### #.#.#######.......#
#.#.......'.......#
#.#########.......# #.#
################### #
..##.######.................#####


You could see a two-headed ogre.

Vanquished Creatures
  An orc knight (Bailey)
  Maurice (D:9)
  Prince Ribbit (D:5)
  5 yaks (D:9)
  A steam dragon (D:8)
  An acid dragon (D:7)
  A water moccasin (D:6)
  Duvessa (D:5)
  9 orc warriors (Bailey)
  An ice beast (D:6)
  2 sky beasts
  2 ogres
  3 centaurs
  4 kobold brigands
  A gnoll sergeant (D:10)
  2 bullfrogs (D:8)
  A scorpion (D:5)
  13 wights
  Dowan (D:5)
  10 killer bees
  An electric eel (D:10)
  2 howler monkeys
  A hound (D:5)
  9 orc priests
  3 jellies
  3 gnoll boudas
  2 sleepcaps
  7 iguanas
  2 orc wizards
  6 adders
  20 gnolls
  A shadow imp (D:6)
  2 white imps
  An ufetubus (D:7)
  3 dart slugs
  A worm (D:4)
  43 orcs
  7 ball pythons
  7 endoplasms
  8 giant cockroaches
  6 goblins
  6 hobgoblins
  3 jackals (D:4)
  3 quokkas
  2 bats
  3 frilled lizards
  19 kobolds
  2 rats
234 creatures vanquished.

Vanquished Creatures (collateral kills)
  A gnoll bouda (D:6)
  4 gnolls
  3 orcs (Bailey)
  2 endoplasms (D:1)
  A kobold (D:1)
11 creatures vanquished.

Vanquished Creatures (others)
  6 orc zombies (Bailey)
6 creatures vanquished.

Grand Total: 251 creatures vanquished

Notes
Turn   | Place    | Note
-------+----------+-------------------------------------------
     0 | D:1      | PaiMei the Demonspawn Necromancer began the quest for the
                  | Orb.
     0 | D:1      | Reached XP level 1. HP: 13/13 MP: 3/3
   322 | D:1      | Gained mutation: You are partially covered in slimy green
                  | scales. (AC +2) [demonic ancestry]
   322 | D:1      | Reached XP level 2. HP: 19/19 MP: 3/5
   511 | D:1      | Found a faded altar of an unknown god.
  1469 | D:2      | Gained mutation: You have a pair of small horns on your
                  | head. [demonic ancestry]
  1469 | D:2      | Reached XP level 3. HP: 24/24 MP: 4/6
  1545 | D:2      | Learned a level 3 spell: Vampiric Draining
  2377 | D:3      | Found a hide-covered altar of Uskayaw.
  2477 | D:3      | Found a runed translucent door.
  2478 | D:3      | Noticed Crazy Yiuf
  2501 | D:3      | Reached XP level 4. HP: 30/30 MP: 4/7
  2932 | D:4      | Reached skill level 5 in Necromancy
  3288 | D:4      | Noticed a sky beast
  3377 | D:4      | Gained mutation: You regenerate a little health from kills.
                  | [demonic ancestry]
  3377 | D:4      | Reached XP level 5. HP: 35/35 MP: 4/9
  4092 | D:4      | Killed a sky beast
  4093 | D:4      | Gained mutation: You regenerate magic rapidly. [demonic
                  | ancestry]
  4093 | D:4      | Reached XP level 6. HP: 20/41 MP: 1/11
  4750 | D:5      | Entered Level 5 of the Dungeon
  4865 | D:5      | Noticed Prince Ribbit
  4876 | D:5      | Killed Prince Ribbit
  4877 | D:5      | Reached skill level 6 in Necromancy
  4877 | D:5      | Reached XP level 7. HP: 46/46 MP: 0/13
  4882 | D:5      | Learned a level 4 spell: Animate Dead
  4986 | D:5      | Noticed Menkaure
  5106 | D:5      | Noticed Dowan
  5107 | D:5      | Noticed Duvessa
  5124 | D:5      | Killed Duvessa
  5371 | D:5      | Killed Dowan
  5372 | D:5      | Reached skill level 1 in Fighting
  5913 | D:5      | Reached XP level 8. HP: 56/56 MP: 3/14
  6267 | D:6      | Reached skill level 7 in Necromancy
  6269 | D:6      | Reached skill level 5 in Spellcasting
  6556 | D:6      | Identified the +11 morningstar "Vozxergh" {freeze, Str+2
                  | Dex+4}
  6641 | D:6      | Reached skill level 5 in Dodging
  6875 | D:6      | Reached skill level 1 in Maces & Flails
  6912 | D:6      | Found a hazy altar of Hepliaklqana.
  7090 | D:6      | Found a shimmering blue altar of Sif Muna.
  7341 | D:7      | Found a staircase to the Ecumenical Temple.
  7348 | D:7      | Gained mutation: You are mostly covered in slimy green
                  | scales. (AC +3) [demonic ancestry]
  7348 | D:7      | Reached XP level 9. HP: 38/65 MP: 13/17
  7620 | Temple   | Entered the Ecumenical Temple
  7802 | Temple   | Became a worshipper of Kikubaaqudgha
  8616 | D:7      | Reached skill level 8 in Necromancy
  9047 | D:8      | Reached * piety under Kikubaaqudgha
  9047 | D:8      | Received a gift from Kikubaaqudgha
  9315 | D:8      | Found an opulent altar of Gozag.
  9436 | D:8      | Reached skill level 5 in Fighting
 10409 | D:9      | Reached ** piety under Kikubaaqudgha
 10470 | D:9      | Noticed Maurice
 10710 | D:9      | Found a staircase to the Orcish Mines.
 10767 | D:9      | Reached XP level 10. HP: 69/74 MP: 19/19
 10928 | D:9      | Killed Maurice
 11229 | D:9      | Reached skill level 9 in Necromancy
 12613 | D:10     | Entered Level 10 of the Dungeon
 12679 | D:10     | Found a flagged portal.
 12688 | Bailey   | Entered a bailey
 12695 | Bailey   | Learned a level 2 spell: Cigotuvi's Dreadful Rot
 12701 | Bailey   | Learned a level 5 spell: Agony
 13391 | Bailey   | Noticed an orc knight
 13537 | Bailey   | Killed an orc knight
 13538 | Bailey   | Reached skill level 5 in Maces & Flails
 14874 | D:10     | Noticed a two-headed ogre
 14948 | D:10     | Mangled by a two-headed ogre

Illustrated notes

Levels and vault maps discovered:
D:1:      evilmike_arrival_fibonacci_small, layout_loops_ring,
          nicolae_ecumenical_lake_church
D:2:      layout_loops_cross
D:3:      layout_rooms, gammafunk_temple_overflow_elements,
          nicolae_elevator_lobby_plus, uniq_crazy_yiuf_cottage
D:4:      layout_basic, serial_corexii_hall, corexii_hall_statues_t,
          corexii_hall_statues_u, minivault_26
D:5:      layout_loops_ring, nicolae_figureground_pulse, uniq_duvessa,
          uniq_prince_ribbit1, uniq_menkaure
D:6:      layout_rooms, mainiacjoe_overflow_big_doors, minmay_misc_feat_square,
          minmay_misc_feat_nine_boxes
D:7:      layout_basic, minmay_temple_entry_slanted, minivault_1
D:8:      layout_basic, grunt_gozag_breadcrumbs
D:9:      layout_roguey, overflow_temple_1_default, orc_0_dummy,
          small_statue_intersection, uniq_maurice
D:10:     layout_basic, david_lair_shrubbed, enter_bailey_6, serial_park_tiny_1,
          kennysheep_generic_room_5
Temple:   eino_temple_rhombus

Skill      XL: |  1  2  3  4  5  6  7  8  9 10 |
---------------+-------------------------------+-----
Dodging        | 2 3 4 5 6 7 |  7.2
Stealth        | 2 3 4 |  4.2
Necromancy     | 5 6 7 8 9 |  9.6
Spellcasting   | 3 4 5 6 7 |  7.3
Fighting       | 2 3 5 6 |  6.5
Maces & Flails | 1 3 5 |  5.1

Action                     |  1- 3 |  4- 6 |  7- 9 | 10-12 || total
---------------------------+-------+-------+-------+-------++-------
  Melee: Unarmed           |     6 |       |       |       ||     6
         Club              |    12 |    29 |       |       ||    41
         Headbutt          |       |     4 |    16 |    10 ||    30
         Flail             |       |    10 |    13 |       ||    23
         Morningstar       |       |       |    72 |    61 ||   133
         Punch             |       |       |     2 |       ||     2
   Cast: Necrotise         |    74 |   101 |   154 |    43 ||   372
         Vampiric Draining |       |    12 |    89 |    38 ||   139
         Agony             |       |       |       |     2 ||     2
         Cigotuvi's Dreadf |       |       |       |     2 ||     2
         Animate Dead      |       |       |       |     1 ||     1
    Use: Potion            |       |       |     3 |       ||     3
         Scroll            |       |       |       |     9 ||     9
 Armour: Robe              |    14 |    19 |    45 |    18 ||    96
  Dodge: Dodged            |    26 |    87 |   374 |   160 ||   647
